[Event "FIDE WY-U16 Olympiad 2022"]
[Site "Nakhchivan"]
[Date "2022.10.04"]
[Round "3.16"]
[White "Karimi, Setayesh"]
[Black "kiladze, Luka"]
[Result "0-1"]
[ECO "E81"]
[WhiteElo "1925"]
[BlackElo "1894"]
[Annotator "TA"]
[PlyCount "78"]
[EventDate "2022.10.02"]
[EventType "team-tourn"]
[EventCountry "AZE"]
[SourceTitle "playchess.com"]
[Source "ChessBase"]
[SourceQuality "1"]
[WhiteTeam "Iran"]
[BlackTeam "Georgia"]
[WhiteTeamCountry "IRI"]
[BlackTeamCountry "GEO"]
[TimeControl "40/5400+30:1800+30"]

1. d4 Nf6 2. c4 g6 3. Nc3 Bg7 4. e4 d6 5. f3 O-O 6. Bg5 c5 7. d5 e6 8. Qd2 exd5 9. cxd5 a6 10. a4 Nbd7 11. Nh3 {[%emt 0:01:19] A65: Modern Benoni: 6 e4.} Qc7 12. Be2 Rb8 13. O-O (13. Nf2 $16) 13... c4 $1 $11 14. Nf2 b5 $1 15. axb5 axb5 {[%emt 0:00:06] [#]} 16. Rfc1 $146 ({White should try} 16. b4 $11) ({Predecessor:} 16. b4 Ne5 17. Be3 Bd7 18. Rac1 Rfc8 19. f4 Neg4 20. Bxg4 Nxg4 21. Nxg4 Bxg4 22. f5 gxf5 23. exf5 {1-0 (33) Miton,K (2612)-Kantans,T (2513) Tallinn 2016}) 16... Nc5 $1 $15 17. Bd1 {[%emt 0:00:12] [#]} Bd7 (17... Nfd7 $1 $17) 18. Bh6 b4 {[%emt 0:09:18] [#]} (18... Ne8 $11) 19. Ne2 (19. Bxg7 $1 $16 Kxg7 20. Ne2) 19... c3 20. bxc3 {[%emt 0:01:17] Threatens to win with Bxg7.} Bxh6 21. Qxh6 b3 {[%emt 0:01:16] White must now prevent ...b2.} 22. Rcb1 Bb5 (22... b2 $2 23. Ra2 $16) 23. Nd4 Bc4 24. Qd2 {[%emt 0:01:48] Strongly threatening Nc6.} Ra8 (24... Qb6 $1 $14) 25. Rxa8 Rxa8 26. Nc6 {[%emt 0:04:24] Hoping for Qd4.} ({Inferior is} 26. Bxb3 Bxb3 27. Qg5 (27. Nxb3 $2 Nxb3 28. Qd1 Nc5 $19) 27... Ne8 $17) 26... Bb5 (26... Ra2 $2 27. Qd4 $18) 27. Nb4 Nfd7 28. Ng4 (28. h3 $14) 28... h5 29. Ne3 Ne5 30. Bxb3 $2 (30. h3 $15) 30... Nxb3 $19 31. Rxb3 (31. Qe1 Nc5 32. Qd2) 31... Nc4 $2 (31... Ra1+ $19 32. Kf2 Qe7) 32. Nxc4 $1 $11 Ra1+ (32... Bxc4 $2 33. Rb1 $18) 33. Kf2 Qxc4 34. Qb2 (34. Rb2 $11) 34... Qf1+ 35. Kg3 Qe1+ 36. Kf4 Qh4+ 37. g4 Qf6+ (37... Rf1 $142 38. Qg2 Qf6+ 39. Kg3 h4+ 40. Kh3 Rxf3+ 41. Qxf3 Qxf3+ 42. Kxh4 Qf2+ 43. Kg5 f6+ 44. Kxg6 Be8+ 45. Kh6 Qxh2#) 38. Kg3 Rg1+ 39. Kf2 Rf1+ {[%emt 0:00:09] Weighted Error Value: White=0.87/Black=0.50} 0-1

[Event "FIDE WY-U16 Olympiad 2022"]
[Site "Nakhchivan"]
[Date "2022.10.04"]
[Round "3.16"]
[White "Thamil Manni, Swetha"]
[Black "Omnia Binta Yusuf, Lubaba"]
[Result "1-0"]
[ECO "A45"]
[WhiteElo "1428"]
[BlackElo "1678"]
[Annotator "NA RC COMBH"]
[PlyCount "57"]
[EventDate "2022.10.02"]
[EventType "team-tourn"]
[EventCountry "AZE"]
[SourceTitle "playchess.com"]
[Source "ChessBase"]
[SourceQuality "1"]
[WhiteTeam "Malaysia"]
[BlackTeam "Bangladesh"]
[WhiteTeamCountry "MAS"]
[BlackTeamCountry "BAN"]
[TimeControl "40/5400+30:1800+30"]

1. d4 Nf6 2. Bf4 d5 3. e3 e6 4. Nd2 Bd6 5. Bg3 c5 6. c3 O-O 7. Bd3 Nc6 8. Ngf3 b6 9. Qe2 Bb7 10. Rd1 Qc7 11. e4 e5 12. exd5 Nxd5 13. dxe5 Nxe5 14. Nxe5 Rfe8 15. f4 f6 16. Qe4 Kf8 17. O-O fxe5 18. fxe5+ Nf6 19. Qxh7 Bxe5 20. Qh8+ Kf7 21. Bc4+ Kg6 22. Bd3+ Kf7 23. Qh5+ Kf8 24. Bg6 Kg8 25. Qh3 Bc8 26. Qh4 Bxg3 27. hxg3 Re7 28. Ne4 Nxe4 29. Qh7# 1-0

[Event "FIDE WY-U16 Olympiad 2022"]
[Site "Nakhchivan"]
[Date "2022.10.04"]
[Round "3.17"]
[White "Caputcuoglu, Zeki Berke"]
[Black "Tarhan, Adar"]
[Result "0-1"]
[ECO "C78"]
[WhiteElo "2370"]
[BlackElo "2320"]
[Annotator "TA"]
[PlyCount "94"]
[EventDate "2022.10.02"]
[EventType "team-tourn"]
[EventCountry "AZE"]
[SourceTitle "playchess.com"]
[Source "ChessBase"]
[SourceQuality "1"]
[WhiteTeam "Turkey"]
[BlackTeam "Turkey"]
[WhiteTeamCountry "TUR"]
[BlackTeamCountry "TUR"]
[TimeControl "40/5400+30:1800+30"]

1. e4 e5 2. Nf3 Nc6 3. Bb5 a6 4. Ba4 Nf6 5. O-O b5 6. Bb3 Bb7 7. d3 Bc5 8. c3 d6 9. a4 {[%emt 0:01:05] is the legacy move (9.Nbd2). C78: Ruy Lopez: Archangelsk and Möller Defences.} Bb6 10. axb5 axb5 11. Rxa8 {[%emt 0:00:04] White is slightly better.} Bxa8 12. Na3 Na7 13. Nc2 {[%emt 0:07:12] [#]} (13. Nh4 {feels hotter.} O-O 14. Nf5 Bb7 15. Nc2) 13... Nc8 $146 ({Predecessor:} 13... Nc6 14. Be3 Bxe3 15. Nxe3 O-O 16. Nf5 Ne7 17. N3h4 g6 18. Nh6+ Kg7 19. Qd2 c5 {1-0 (37) Kovanova,B (2379)-Turova,I (2381) Kallithea 2008}) 14. Ne3 Ne7 15. Ng5 O-O 16. Ng4 Ng6 17. Qf3 d5 18. Qf5 (18. Nxf6+ $1 $14 gxf6 19. Nh3) 18... Nxg4 $11 19. Qxg4 h6 20. Nf3 c5 21. Rd1 Kh8 22. h4 dxe4 ({Weaker is} 22... c4 23. dxc4 bxc4 24. Bxc4 $16) (22... Qd6 $14) 23. dxe4 $16 Qf6 {[%emt 0:01:29] [#]} 24. h5 (24. Bg5 $1 $16 Qc6 25. Bd5) 24... Ne7 (24... c4 $14) 25. Be3 Nc6 {[%emt 0:10:23] [#]} (25... Kg8 $16 {was necessary.}) 26. Bc2 (26. Bd5 $1 $18) 26... Rd8 27. Rxd8+ Qxd8 28. Qf5 Qc7 (28... Qe8 $16) 29. b4 (29. Bb3 $18 {has better winning chances.} f6 30. Nh4 (30. Qe6 c4 $18)) 29... cxb4 {[%emt 0:02:10] Hoping for ...Bxe3.} 30. Bxb6 Qxb6 31. Nxe5 (31. Qxf7 $16 {Threatening mate with Qe8+.} Qd8 32. Qf5) 31... Nxe5 $11 32. Qxe5 $16 {[%emt 0:00:05][%mdl 4096] Endgame Qe8+ would kill now. KQB-KQB} Qd8 {[%emt 0:00:58] Against Qe8+} (32... Qc6 $11) 33. cxb4 $18 Qd2 {[%emt 0:00:40] [#]} 34. Qe8+ $2 (34. Qc5 $1 $18 ) 34... Kh7 $11 35. Qxa8 Qxc2 {[%emt 0:00:20] KQ-KQ} 36. Qd5 {[%emt 0:00:24][%csl LRb5,LRf7] Inhibits Qd1+. Threatens to win with Qf5+.} Qb1+ 37. Kh2 Qxb4 38. Qf5+ Kg8 {[%emt 0:00:07] ...Qc4 is the strong threat.} 39. Qc8+ Qf8 40. Qc3 (40. Qc7 $1 $11) 40... b4 $17 41. Qd3 (41. Qe5 $17) 41... Qb8+ $19 42. g3 b3 {[%emt 0:00:23] Black mates.} 43. Qb1 b2 44. f4 Qb4 45. Kh3 Qc3 46. Qd1 Qc1 47. Qd8+ Kh7 {[%emt 0:00:00] Never resign too early!  Weighted Error Value: White=0.60/Black=0.21 (precise)} 0-1

[Event "FIDE WY-U16 Olympiad 2022"]
[Site "Nakhchivan"]
[Date "2022.10.04"]
[Round "3.17"]
[White "Kiriella, K G T S D"]
[Black "Karsten, Jan"]
[Result "1/2-1/2"]
[ECO "B92"]
[WhiteElo "1907"]
[BlackElo "1985"]
[Annotator "TA"]
[PlyCount "134"]
[EventDate "2022.10.02"]
[EventType "team-tourn"]
[EventCountry "AZE"]
[SourceTitle "playchess.com"]
[Source "ChessBase"]
[SourceQuality "1"]
[WhiteTeam "Sri Lanka"]
[BlackTeam "South Africa"]
[WhiteTeamCountry "SRI"]
[BlackTeamCountry "RSA"]
[TimeControl "40/5400+30:1800+30"]

1. e4 c5 2. Nf3 d6 3. d4 cxd4 4. Nxd4 Nf6 5. Nc3 a6 6. Be2 e5 7. Nb3 Be7 8. Be3 Be6 9. Qd2 Nbd7 10. a4 O-O 11. a5 Rc8 12. O-O Qc7 {[%emt 0:03:11] B92: Sicilian Najdorf: 6 Be2.} 13. f4 exf4 14. Bxf4 {[%emt 0:01:14] [#]} Bxb3 $146 {[%emt 0:08:11] Black is slightly better.} ({Predecessor:} 14... Ne5 15. Nd4 Rfe8 16. Bxe5 dxe5 17. Nf5 Bxf5 18. Rxf5 Bb4 19. Qg5 Bxc3 20. Rxf6 Bxa5 21. Bd3 Qc5+ 22. Kh1 Bd8 {0-1 (22) Dobierzin,O (2088)-Darpan,I (1993) Belgrade 2010}) 15. cxb3 Nc5 16. Nd5 Nxb3 {[%emt 0:10:06] Pair of Knights!} 17. Nxc7 Nxd2 18. Bxd2 Rxc7 19. Bf3 Nd7 20. Rac1 Rxc1 21. Rxc1 {[%emt 0:00:59] Black must now prevent Rc7.} Nc5 22. Be3 Nb3 23. Rc7 Bf6 24. Bb6 Bd8 (24... Bxb2 $11 {keeps the balance.} 25. Rxb7 Bc3) 25. Rd7 $1 $16 (25. Rxb7 $6 Nxa5 26. Bxa5 Bxa5 $14) 25... Bxb6+ 26. axb6 {[%emt 0:00:04][%mdl 4096] Endgame KRB-KRN} Nc5 27. Rc7 {[%emt 0:00:06][%cal Oe4e5] aiming for e5!} Rb8 28. e5 Na4 29. exd6 Nxb6 30. Bxb7 {[%emt 0:04:16] d7 is the strong threat. White is much more active.} Kf8 31. Bxa6 Rd8 32. Rc6 Nd5 33. Bc4 Ne3 34. Bd3 Ng4 35. Bf5 (35. Bxh7 g6 36. h4 Kg7 37. Bxg6 fxg6 $17) 35... Ne5 36. Rc5 f6 37. Rc8 $1 (37. Bxh7 g6 $11) 37... Rxc8 38. Bxc8 $14 {[%emt 0:00:04] Strongly threatening b4. KB-KN} Ke8 $2 (38... Nc4 $16) 39. b4 $1 $18 Nf7 $2 {[%emt 0:00:50] [#]} (39... Kd8) 40. d7+ $1 Kd8 41. Kf2 Kc7 42. Ke3 Kc6 43. Kd4 Nd8 (43... h5 $142 44. g3 Nd8) 44. Kc4 h5 45. g3 g5 46. b5+ (46. Kd4 $142 {And now Ke4 would win.} Kd6 47. Ke4) 46... Kd6 47. b6 f5 48. b7 Kc7 49. Kd5 {[%emt 0:00:00] Hoping for Ke5.} f4 {[%emt 0:00:00] [#]} 50. gxf4 gxf4 51. Ke4 Nxb7 52. Bxb7 (52. Kxf4 Nc5 $11) 52... Kxd7 {[%emt 0:00:00] KB-KPP} 53. Kf5 (53. Kxf4 Ke6 $11) 53... Ke7 54. Kg6 {[%emt 0:00:00] White wants to mate with h4.} ({And not} 54. Kxf4 Kf6 $11) 54... Kf8 55. Kh7 {[%emt 0:00:00] h4 would kill now.} ({Stronger than} 55. Kxh5 Kg8 $11) ({Not} 55. Bd5 f3 $14) 55... h4 56. Bd5 Ke7 57. Kg7 Ke8 58. Bf3 Ke7 59. Bh5 Kd7 60. Kf6 Kd8 61. Ke6 Kc7 62. Ke7 Kc8 63. Bf3 Kc7 64. Bg4 Kc6 65. Bf3+ Kc7 $1 66. Kf6 Kd8 67. Bc6 Kc7 {[%emt 0:00:43][%mdl 32768] Weighted Error Value: White=0.12 (very precise) /Black=0.19 (very precise) . An unexpected result.} 1/2-1/2

[Event "FIDE WY-U16 Olympiad 2022"]
[Site "Nakhchivan"]
[Date "2022.10.04"]
[Round "3.18"]
[White "Akin, Yagiz Cinar"]
[Black "Taspinar, Yanki"]
[Result "1/2-1/2"]
[ECO "D45"]
[WhiteElo "2249"]
[BlackElo "2325"]
[Annotator "TA"]
[PlyCount "83"]
[EventDate "2022.10.02"]
[EventType "team-tourn"]
[EventCountry "AZE"]
[SourceTitle "playchess.com"]
[Source "ChessBase"]
[SourceQuality "1"]
[WhiteTeam "Turkey"]
[BlackTeam "Turkey"]
[WhiteTeamCountry "TUR"]
[BlackTeamCountry "TUR"]
[TimeControl "40/5400+30:1800+30"]

1. d4 d5 2. c4 e6 3. Nc3 c6 4. e3 Nf6 5. Nf3 Nbd7 6. b3 Bd6 7. Be2 O-O 8. O-O b6 {[%emt 0:00:45] D45: Semi-Slav: 5 e3.} 9. Bb2 Bb7 10. Bd3 Qe7 11. Re1 c5 12. Rc1 Rad8 13. cxd5 {[%emt 0:08:08] [#]} cxd4 $146 (13... exd5 {seems wilder.} 14. Ne2 Rc8 15. Nf4 Rc7) ({Predecessor:} 13... Nxd5 14. Ne4 Nb4 15. Nxd6 Bxf3 16. gxf3 Nxd3 17. Qxd3 Qxd6 18. Qe4 cxd4 19. Qxd4 Qxd4 20. Bxd4 {½-½ (68) Erigaisi,A (2660)-Bok,B (2624) Chess.com INT 2022}) 14. Nxd4 {[%emt 0:05:11] Threatening dxe6.} Nxd5 15. Nxd5 Bxd5 {[%emt 0:00:50] The position is equal.} (15... Qg5 $2 16. Nc6 Nc5 17. Nxd8 Rxd8 {[#]} 18. Bc4 $1 $18) 16. Qh5 {[%emt 0:07:02][%csl Gd3][%cal Rh5h7] [#]} h6 17. Bb1 Nf6 18. Qe2 {[%emt 0:04:26] aiming for e4.} Bc5 19. Red1 Ba8 20. Nf3 Rxd1+ 21. Rxd1 Rd8 22. h3 Rxd1+ 23. Qxd1 Qd7 24. Qxd7 Nxd7 25. Ne5 Nxe5 26. Bxe5 $11 {[%emt 0:00:07][%mdl 4096] Endgame KBB-KBB} Bd5 27. Kf1 f6 28. Bc3 Kf7 29. e4 Bc6 30. Bd3 a5 31. Ke2 g5 32. f3 Ke7 33. a4 e5 34. Bc4 Kd6 35. Kd3 Bb7 36. Bb2 h5 37. g4 h4 38. Bc1 Bc8 39. Bb2 Bb7 40. Bc1 Bc8 41. Bb2 Bb7 42. Bc1 {[%emt 0:00:03] A balanced but interesting game.  Weighted Error Value: White=0.02 (flawless) /Black=0.02 (flawless)} 1/2-1/2

[Event "FIDE WY-U16 Olympiad 2022"]
[Site "Nakhchivan"]
[Date "2022.10.04"]
[Round "3.18"]
[White "Badenhorst, Chloe"]
[Black "Nabil Nazar, Mohamed"]
[Result "0-1"]
[ECO "C02"]
[WhiteElo "1687"]
[BlackElo "1987"]
[Annotator "TA"]
[PlyCount "60"]
[EventDate "2022.10.02"]
[EventType "team-tourn"]
[EventCountry "AZE"]
[SourceTitle "playchess.com"]
[Source "ChessBase"]
[SourceQuality "1"]
[WhiteTeam "South Africa"]
[BlackTeam "Sri Lanka"]
[WhiteTeamCountry "RSA"]
[BlackTeamCountry "SRI"]
[TimeControl "40/5400+30:1800+30"]

1. e4 e6 2. d4 d5 3. e5 c5 4. c3 Nc6 5. Nf3 Qb6 6. a3 c4 7. Nbd2 Na5 8. Be2 {[%emt 0:01:02] 8.Rb1 is the modern continuation.} Bd7 9. O-O h6 10. Rb1 {[%emt 0:02:53] C02: French: Advance Variation.} O-O-O 11. Qc2 (11. b4 {is interesting.} cxb3 12. c4 Ba4 13. c5) 11... Ne7 12. b4 (12. a4 $14) 12... cxb3 $1 $11 13. Nxb3 Ba4 (13... Nxb3 14. Rxb3 (14. Qxb3 Qxb3 15. Rxb3 Nc6) 14... Ba4 15. Rxb6 Bxc2) 14. Nfd2 Nec6 {[%emt 0:01:24] [#]} 15. Qb2 $146 ({Predecessor:} 15. Qa2 Nxb3 16. Nxb3 Qc7 17. Be3 Bxb3 18. Qxb3 Kb8 19. c4 Na5 20. Qa4 Nxc4 21. Rfc1 {0-1 (56) Houska,J (2386)-Iljushin,A (2537) Cappelle la Grande 2003}) 15... Nxb3 16. Nxb3 Bb5 (16... Bxb3 17. Qxb3 Qxb3 18. Rxb3 h5) 17. Bxb5 Qxb5 18. a4 Qa6 19. Qa2 Rd7 20. Bb2 Be7 21. f4 g6 22. Rbc1 Kb8 23. Nd2 Qd3 24. Nf3 (24. Nb3 $15) 24... Na5 $17 {[%emt 0:05:09] Black is much more active.} 25. Rcd1 {[%emt 0:09:24] [#]} (25. Rf2 $142) 25... Qa6 ({Black should try} 25... Qc4 $1 26. Ra1 Nb3) 26. Nd2 Rc8 27. g4 {[%emt 0:04:08] Loses the game.} (27. h3 $17 {is a better defense.}) 27... Qe2 $19 28. h3 $2 (28. Qa1 {keeps fighting.}) 28... h5 $2 (28... Bh4 29. Nf3 {[#]} Bf2+ $1 30. Rxf2 Qxd1+ 31. Kg2 Nc4) 29. g5 (29. Rfe1 $142 Qd3 30. Kg2) 29... h4 (29... Qe3+ $142 30. Kg2 h4) 30. Kh1 $2 (30. Qa1) 30... Rdc7 {[%emt 0:01:08] Weighted Error Value: White=0.62/Black=0.44} 0-1

[Event "FIDE WY-U16 Olympiad 2022"]
[Site "Nakhchivan"]
[Date "2022.10.04"]
[Round "3.19"]
[White "Camlar, Arda"]
[Black "Yavuz, Efe Metehan"]
[Result "1/2-1/2"]
[ECO "A06"]
[WhiteElo "2322"]
[BlackElo "2223"]
[Annotator "TA"]
[PlyCount "76"]
[EventDate "2022.10.02"]
[EventType "team-tourn"]
[EventCountry "AZE"]
[SourceTitle "playchess.com"]
[Source "ChessBase"]
[SourceQuality "1"]
[WhiteTeam "Turkey"]
[BlackTeam "Turkey"]
[WhiteTeamCountry "TUR"]
[BlackTeamCountry "TUR"]
[TimeControl "40/5400+30:1800+30"]

1. Nf3 d5 2. b3 c5 3. Bb2 e6 4. e3 Nf6 5. Be2 Nc6 6. O-O {[%emt 0:00:42] A06: Réti Opening: 1 Nf3 d5.} Bd6 7. d4 {[%emt 0:01:28] Inhibits e5.} O-O (7... cxd4 {is interesting.} 8. Nxd4 Bd7 9. c4 O-O) 8. dxc5 Bxc5 9. Nbd2 Qe7 10. c4 Rd8 11. Qc2 e5 12. cxd5 Nxd5 {[%emt 0:00:51] [#]} 13. a3 $146 (13. Ne4 {seems wilder.} Bxe3 14. fxe3 Nxe3 15. Qc3) ({Predecessor:} 13. Nc4 e4 14. Nd4 Nxd4 15. Bxd4 Bxd4 16. exd4 Nb4 17. Qc3 Be6 18. a3 Nc6 19. Rfd1 {0-1 (36) Kulmala,K (1890)-Op den Kelder,J (2293) Jyvaskyla 2009}) 13... a5 (13... Bxe3 {feels hotter.} 14. fxe3 Nxe3 15. Qe4 Nxf1 16. Rxf1 Be6) 14. Rfd1 Bb6 (14... Bxe3 $5 15. fxe3 Nxe3 $11) 15. Bd3 Nf6 16. Ne4 g6 17. Nxf6+ Qxf6 18. Bb5 Bf5 19. Qc3 Rxd1+ 20. Rxd1 {[%emt 0:00:02] Threatening Bxc6.} Rc8 21. Bxc6 ({Don't go for} 21. Nxe5 $2 Qxe5 22. Qxe5 Nxe5 23. Bxe5 Rc5 $19) (21. Qe1 {keeps more tension.} Bc7 22. Bc4 Qe7 23. h3) 21... Rxc6 {[%emt 0:00:02] The position is equal.} 22. Qxe5 Qxe5 23. Nxe5 Rc2 24. Nc4 Bc7 {[%emt 0:02:52] [#] White must now prevent ...b5.} 25. Rd2 b5 26. Rxc2 Bxc2 $11 {[%emt 0:00:02][%mdl 4096] Endgame KBB-KBN} 27. Nd2 Bd6 28. f3 f5 29. g3 Kf7 30. Kf2 Ke6 31. e4 fxe4 32. fxe4 h6 33. Ke2 b4 34. a4 Bc5 35. Bg7 h5 36. h4 Bd6 37. Kf2 Bc5+ {[%emt 0:00:28] A strong pair of Bishops.} 38. Ke2 Bd6 {[%emt 0:00:02] Weighted Error Value: White=0.05 (flawless) /Black=0.05 (flawless)} 1/2-1/2

[Event "FIDE WY-U16 Olympiad 2022"]
[Site "Nakhchivan"]
[Date "2022.10.04"]
[Round "3.19"]
[White "Gamage, Desandhi Dhihansa"]
[Black "Meise, Keagen"]
[Result "1-0"]
[ECO "B77"]
[WhiteElo "1778"]
[BlackElo "1362"]
[Annotator "NA RC COMBH"]
[PlyCount "163"]
[EventDate "2022.10.02"]
[EventType "team-tourn"]
[EventCountry "AZE"]
[SourceTitle "playchess.com"]
[Source "ChessBase"]
[SourceQuality "1"]
[WhiteTeam "Sri Lanka"]
[BlackTeam "South Africa"]
[WhiteTeamCountry "SRI"]
[BlackTeamCountry "RSA"]
[TimeControl "40/5400+30:1800+30"]

1. e4 c5 2. Nf3 Nc6 3. d4 cxd4 4. Nxd4 g6 5. Nc3 Bg7 6. Be3 d6 7. Bc4 Nf6 8. f3 O-O 9. Qd2 Qa5 10. g4 Nxd4 11. Bxd4 Be6 12. Be2 Nd7 13. f4 Bxd4 14. Qxd4 f6 15. h4 Qc5 16. Qd2 Kg7 17. O-O-O Rg8 18. f5 Bf7 19. g5 fxg5 20. Qxg5 Nf6 21. Qf4 Kf8 22. fxg6 hxg6 23. Qh6+ Ke8 24. Qf4 a6 25. Rd2 Rc8 26. Bg4 Rb8 27. Re1 g5 28. hxg5 Nxg4 29. Qxg4 Qxg5 30. Qf3 Rf8 31. Qd3 Be6 32. Qd4 Qc5 33. Qa4+ Bd7 34. Qb3 b5 35. e5 dxe5 36. Rde2 Qd6 37. Rxe5 Rf7 38. Nd5 e6 39. Qh3 Kd8 40. Qh4+ Kc8 41. Nf4 Rb6 42. Qg4 Rf5 43. Qg8+ Kb7 44. Nd3 Rxe5 45. Nxe5 Qe7 46. Qg2+ Bc6 47. Qe2 Bd5 48. Rf1 Qg5+ 49. Kb1 a5 50. Qh2 Ka6 51. Nd7 Qe7 52. Qc7 Rb7 53. Nc5+ Ka7 54. Qxa5+ Kb8 55. Nxb7 Bxb7 56. Qxb5 Ka7 57. Rd1 Qg7 58. a4 Bc8 59. Qc5+ Kb7 60. Rd4 Kb8 61. Rb4+ Bb7 62. a5 Ka8 63. Qb6 Qd7 64. Rd4 Bd5 65. Qa6+ Qa7 66. Qxa7+ Kxa7 67. b4 Ka6 68. c4 Bf3 69. Rd6+ Ka7 70. Rxe6 Bg4 71. Rf6 Be2 72. c5 Kb7 73. Kb2 Bc4 74. Kc3 Bd5 75. Kd4 Bg2 76. b5 Ka7 77. c6 Bh3 78. b6+ Ka6 79. b7 Ka7 80. Rf8 Ka6 81. b8=Q Kxa5 82. Qb2 1-0

[Event "FIDE WY-U16 Olympiad 2022"]
[Site "Nakhchivan"]
[Date "2022.10.04"]
[Round "3.20"]
[White "Baloglu, Dila"]
[Black "Alagoz, Zumra Meryem"]
[Result "1-0"]
[ECO "C26"]
[WhiteElo "1752"]
[BlackElo "1800"]
[Annotator "NA RC COMBH"]
[PlyCount "75"]
[EventDate "2022.10.02"]
[EventType "team-tourn"]
[EventCountry "AZE"]
[SourceTitle "playchess.com"]
[Source "ChessBase"]
[SourceQuality "1"]
[WhiteTeam "Turkey"]
[BlackTeam "Turkey"]
[WhiteTeamCountry "TUR"]
[BlackTeamCountry "TUR"]
[TimeControl "40/5400+30:1800+30"]

1. e4 e5 2. Nc3 Nf6 3. g3 d5 4. exd5 Nxd5 5. Bg2 Be6 6. Nf3 Nc6 7. O-O $11 Qd7 8. Re1 f6 9. d4 Nxc3 10. bxc3 O-O-O 11. Qe2 Bd6 12. Rb1 a6 13. dxe5 fxe5 14. Ng5 Bc5 15. Be3 Bxe3 16. Qxe3 h6 17. Ne4 b6 18. Qe2 Qe7 19. Qxa6+ Kd7 20. Qb5 Kc8 21. Qxc6 Bd5 22. Qb5 Rhf8 23. c4 Bxe4 24. Bxe4 Rd2 25. f3 Qd6 26. c3 g5 27. g4 Rd8 28. Bc6 Rxa2 29. Bd5 e4 30. Rb2 Rxb2 31. Qxb2 exf3 32. Ra1 Qf4 33. Bc6 Qxg4+ 34. Kh1 Qg2+ 35. Qxg2 fxg2+ 36. Kxg2 Rd2+ 37. Kg3 Kd8 38. Re1 1-0

[Event "FIDE WY-U16 Olympiad 2022"]
[Site "Nakhchivan"]
[Date "2022.10.04"]
[Round "3.20"]
[White "Potgieter, Edward"]
[Black "Saravanabaavan, Brijeash"]
[Result "1-0"]
[ECO "B13"]
[WhiteElo "1567"]
[BlackElo "1679"]
[Annotator "NA RC COMBH"]
[PlyCount "97"]
[EventDate "2022.10.02"]
[EventType "team-tourn"]
[EventCountry "AZE"]
[SourceTitle "playchess.com"]
[Source "ChessBase"]
[SourceQuality "1"]
[WhiteTeam "South Africa"]
[WhiteTeamCountry "RSA"]
[TimeControl "40/5400+30:1800+30"]

1. e4 c6 2. d4 d5 3. exd5 cxd5 4. Bd3 Nc6 5. c3 Nf6 6. h3 g6 7. Bf4 Bf5 8. Be2 Bg7 9. Nf3 O-O 10. O-O a6 11. Nbd2 b5 12. Nb3 Ne4 13. a3 Qb6 14. Bd3 Na5 15. Nxa5 Qxa5 16. Bxe4 Bxe4 17. Ne5 Rfc8 18. g4 g5 19. Bg3 Bxe5 20. Bxe5 f6 21. Bg3 h6 22. f3 Bg6 23. Re1 Ra7 24. Re6 Bf7 25. Re3 Qb6 26. Qe2 Kf8 27. Re1 Qd8 28. Qh2 Kg7 29. h4 e6 30. Kg2 a5 31. Rh1 Qh8 32. Qg1 Qg8 33. Qh2 Kf8 34. Bd6+ Ke8 35. Bc5 Ra6 36. hxg5 hxg5 37. Qh6 Qg6 38. Qf8+ Kd7 39. Qe7+ Kc6 40. Qd6+ Kb7 41. Qd7+ Rc7 42. Qxb5+ Rb6 43. Qxb6+ Kc8 44. Rh8+ Bg8 45. Qxe6+ Kb7 46. Rxg8 Qc2+ 47. Re2 Qb3 48. Qe8 Ka6 49. Re6+ 1-0

[Event "FIDE WY-U16 Olympiad 2022"]
[Site "Nakhchivan"]
[Date "2022.10.04"]
[Round "3.21"]
[White "Aslanov, Umid"]
[Black "Francs, Marats"]
[Result "1/2-1/2"]
[ECO "B87"]
[WhiteElo "2273"]
[BlackElo "1976"]
[Annotator "TA"]
[PlyCount "119"]
[EventDate "2022.10.02"]
[EventType "team-tourn"]
[EventCountry "AZE"]
[SourceTitle "playchess.com"]
[Source "ChessBase"]
[SourceQuality "1"]
[WhiteTeam "Azerbaijan"]
[BlackTeam "Latvia"]
[WhiteTeamCountry "AZE"]
[BlackTeamCountry "LAT"]
[TimeControl "40/5400+30:1800+30"]

1. e4 c5 2. Nf3 d6 3. d4 cxd4 4. Nxd4 Nf6 5. Nc3 a6 6. Bc4 e6 7. Bb3 b5 8. O-O Be7 9. Qf3 Qc7 10. Qg3 O-O 11. Bh6 Ne8 12. Rad1 Bf6 {[%emt 0:01:00] B87: Sicilian Scheveningen/Najdorf: 6 Bc4, with early ...b5.} 13. Bg5 b4 14. Nce2 {[%emt 0:02:04] [#]} Bb7 $146 (14... Nd7 $11 {keeps the balance.}) ({Predecessor:} 14... Bxg5 15. Qxg5 Nf6 16. Qe3 e5 17. Nf3 a5 18. c3 a4 19. Bd5 Nxd5 20. Rxd5 Be6 {½-½ (37) Tomczak,J (2509)-Swiercz,D (2492) Chotowa 2010}) 15. Bxf6 $16 Nxf6 16. f3 (16. Nf4 $16) 16... Qe7 17. Nf4 {[%emt 0:09:31][%cal Rf4e6] Nfxe6! is the strong threat.} Bc8 18. Nde2 Nc6 19. Rd2 (19. Nd3 $11) 19... Bb7 (19... a5 $15) 20. Rfd1 $40 {[%emt 0:03:29][%mdl 128] White attacks.} Rad8 21. Qf2 Rd7 (21... Ba8 $11 {should be considered.}) 22. Ba4 (22. Qb6 $16) 22... Qd8 (22... Rb8 $11) 23. Nd4 $16 {[%emt 0:04:11] White is more active.} Qc8 24. Nd3 a5 25. Nc1 d5 26. e5 Nxe5 27. Bxd7 Qxd7 (27... Nfxd7 $11 28. Nd3 Nc4) 28. Nd3 Nc4 {[%emt 0:00:46] [#]} 29. Re2 Qc7 30. Qg3 Qb6 31. Qf2 Qc7 32. b3 ({Better is} 32. c3 $16) 32... Nd6 33. Kh1 (33. c3 $5) 33... Ba6 34. Ree1 Nd7 35. Qg3 Bxd3 (35... Qb6 $11) 36. cxd3 $14 Qb6 37. Ne2 (37. Rc1 $14) 37... Nf5 38. Qf4 Qf2 (38... Ne3 $1 $11) 39. Ng3 (39. Rc1 $14) 39... Nxg3+ $1 $11 40. Qxg3 Qxa2 {[%emt 0:00:10] aiming for ...Nc5.} 41. Rc1 {[%emt 0:30:37] Against Nc5} Qxb3 42. Qc7 $1 Nf6 ({Don't do} 42... Qa4 43. Ra1 Qb5 44. Rxa5 $16) 43. d4 (43. Qxa5 $11 Qxd3 44. Qxb4) 43... h5 (43... Nh5 $1 $15) 44. Qxa5 h4 45. h3 Qb2 46. Red1 Nh5 {[%emt 0:00:00] [#] Hoping for ...Nf4.} 47. Rb1 Ng3+ 48. Kh2 Qc3 49. Qxb4 Qe3 50. Qe1 Qxe1 51. Rxe1 {[%emt 0:00:00][%mdl 4096] Endgame KRR-KRN} Nf5 52. Red1 Rc8 53. Rbc1 Rxc1 54. Rxc1 Nxd4 {[%emt 0:00:00] KR-KN} 55. Rc7 g6 56. Kg1 Kg7 57. Kf2 Nf5 58. Ke2 (58. f4 $1 $11) 58... Kf6 ({Black should try} 58... g5 $1 $15) 59. f4 $1 Nh6 60. Rc5 {[%emt 0:00:00] Weighted Error Value: White=0.21 (precise) /Black=0.18 (very precise)} 1/2-1/2